 Dungeon Crawl Stone Soup version 0.30-a0-881-g1ff12e1e11 (webtiles) character file.

Game seed: 14947281242041613520

60 Parcival the Chopper (level 3, -2/29 (30) HPs)
             Began as a Minotaur Gladiator on Mar 14, 2023.
             Succumbed to Crazy Yiuf's poison
             ... on level 2 of the Dungeon.
             The game lasted 00:05:02 (1262 turns).

Parcival the Chopper (Minotaur Gladiator)           Turns: 1262, Time: 00:05:02

HP:   -2/29 (30)    AC:  4    Str: 20    XL:     3   Next: 80%
MP:   0/2           EV: 12    Int:  5    God:
Gold: 119           SH:  0    Dex: 11    Spells: 2/2 levels left

rFire   . . .      SeeInvis .    k - +2 mace (holy)
rCold   . . .      Faith    .    (no shield)
rNeg    . . .      Spirit   .    b - +1 leather armour
rPois   .          Reflect  .    c - +0 hat
rElec   .          Rampage  .    (no cloak)
rCorr   .                        (no gloves)
Will    .....                    (no boots)
Stlth   +                        (no amulet)
HPRegen 0.24/turn                (no ring)
MPRegen 0.08/turn                (no ring)

@: lethally poisoned (-2 -> -9), lightly drained
A: horns 2, retaliatory headbutt
a: no special abilities


You were on level 2 of the Dungeon.
You visited 1 branch of the dungeon, and saw 2 of its levels.

You collected 119 gold pieces.

Inventory:

Hand Weapons
 a - a +0 war axe
 k - a +2 mace of holy wrath (weapon)
Missiles
 d - 3 throwing nets (quivered)
 e - a javelin
Armour
 b - a +1 leather armour (worn)
 c - a +0 hat (worn)
Scrolls
 f - 2 scrolls of teleportation
 g - 4 scrolls of identify


   Skills:
 + Level 2.8 Fighting
 + Level 4.5(4.6) Axes
 + Level 1.3(3.1) Maces & Flails
 + Level 2.0 Throwing
 + Level 1.0 Armour
 + Level 3.9 Dodging


You had 2 spell levels left.
You didn't know any spells.
Your spell library contained the following spells:

 Spells                   Type           Power      Damage    Failure   Level
 Beastly Appendage        Tmut           0%         N/A       54%         1
 Wereblood                Tmut           0%         N/A       67%         2
 Spider Form              Tmut/Pois      0%         N/A       88%         3


Dungeon Overview and Level Annotations

Branches:
Dungeon (2/15)

Altars:

Annotations:
D:2 Crazy Yiuf


Innate Abilities, Weirdness & Mutations

You have a pair of horns on your head.
You reflexively headbutt those who attack you in melee.


Message History

The gnoll misses you. The gnoll hits you with a +0 whip.
You thump the gnoll!
You kill the gnoll!
The gnoll completely misses you. The gnoll misses you.
Your base Maces & Flails skill increases to level 1!
The gnoll barely misses you.
Things that are here:
a +0 whip; a gnoll corpse You sock the gnoll!
The gnoll is severely wounded.
The gnoll barely misses you.
You thump the gnoll!
You kill the gnoll!
Your Armour skill increases to level 1!
You now have 119 gold pieces (gained 10).
You see here a +0 halberd.
You see here a +0 halberd.
Things that are here:
a +0 whip; a gnoll corpse
There is an open door, spattered with blood here.
There is a stone staircase leading up here.
Crazy Yiuf shouts!
Crazy Yiuf screams, "Powder!"
You open the door. You hit Crazy Yiuf.
Crazy Yiuf is moderately wounded.
Crazy Yiuf hits you with a +4 quarterstaff of chaos!
You feel drained.
Crazy Yiuf hits you with a +4 quarterstaff of chaos!
* * * LOW HITPOINT WARNING * * *
You feel your power leaking away.
You are too injured to fight recklessly!
You closely miss Crazy Yiuf. You headbutt Crazy Yiuf.
Crazy Yiuf is heavily wounded.
Crazy Yiuf hits you with a +4 quarterstaff of chaos!
* * * LOW HITPOINT WARNING * * *
You are lethally poisoned!
You sock Crazy Yiuf!
Crazy Yiuf is almost dead.
You die...

...#####...####....####.#........
#### #.#.# #....# #....#......
####.#.# ♣....♣ #>.......###
##......# ♣♣...♣ #.........##
####.....#.# ♣♣.♣♣ #.......#.##
#......#...# ♣♣.♣ #########...
...######### ♣.♣♣ #... ..## ♣♣.♣
##.. ### ♣@♣♣ #.. #g# #.. ... #..
#...# #.. #)..# #.. ##### ###


You could see Crazy Yiuf.

Vanquished Creatures
  2 gnolls (D:2)
  2 dart slugs (D:2)
  2 worms (D:2)
  3 endoplasms
  4 goblins
  3 kobolds
  6 quokkas
  4 bats (D:1)
  A frilled lizard (D:1)
  4 rats
31 creatures vanquished.

Vanquished Creatures (others)
  5 plants (D:2)
5 creatures vanquished.

Grand Total: 36 creatures vanquished

Notes
Turn   | Place    | Note
-------+----------+-------------------------------------------
     0 | D:1      | Parcival the Minotaur Gladiator began the quest for the
                  | Orb.
     0 | D:1      | Reached XP level 1. HP: 18/18 MP: 0/0
   269 | D:1      | Reached XP level 2. HP: 25/25 MP: 1/1
   451 | D:1      | Reached skill level 4 in Axes
   476 | D:1      | Found a faded altar of an unknown god.
   476 | D:1      | Noticed a hellwing
   805 | D:2      | Reached XP level 3. HP: 29/30 MP: 2/2
  1020 | D:2      | Found a runed translucent door.
  1021 | D:2      | Noticed Crazy Yiuf
  1089 | D:2      | Reached skill level 1 in Maces & Flails
  1092 | D:2      | Reached skill level 1 in Armour
  1261 | D:2      | HP: 1/29 [Crazy Yiuf/+4 quarterstaff of chaos (7)]
  1262 | D:2      | Succumbed to Crazy Yiuf's poison

Illustrated notes

Levels and vault maps discovered:
D:1:      pf_arrival_petrified_forest, layout_rooms,
          dreamdust_ecumenical_altar_sealed_demon
D:2:      wad_woods_tower, layout_rooms, uniq_crazy_yiuf_cottage

Skill      XL: |  1  2  3 |
---------------+----------+-----
Axes           | 4 |  4.5
Maces & Flails | 1 |  1.3
Armour         | 1 |  1.0
Fighting       | |  2.8
Throwing       | |  2.0
Dodging        | |  3.9

Action                     || total
---------------------------++-------
  Melee: War axe           ||    18
         Headbutt          ||     6
         Mace              ||    41
    Use: Scroll            ||     5
         Potion            ||     2
 Armour: Leather armour    ||    16
  Dodge: Dodged            ||    68

Table legend: (Time is in decaauts)
 A = Elapsed time spent in this place.
 B = Non-inter-level travel time spent in this place.
 C = Inter-level travel time spent in this place.
 D = Time resting spent in this place.
 E = Time spent auto-exploring this place.
 F = Levels seen in this place.
 G = Mean time per level.
                   A        B        C        D        E       F      G
               +--------+--------+--------+--------+--------+-----+--------+
         Total |   1279 |   1174 |    105 |      4 |    868 |   2 |  639.5 |
       Dungeon |   1279 |   1174 |    105 |      4 |    868 |   2 |  639.5 |
               +--------+--------+--------+--------+--------+-----+--------+

Top non-repeatable levels by time:
     D:1: 652 daAuts
     D:2: 627 daAuts
